 Dungeon Crawl Stone Soup version 0.31-a0-175-g9f7f995f2b (webtiles) character file.

Game seed: 6407988439081504828

3671 qw the Skirmisher (level 10, 0/94 HPs)
             Began as a Naga Hunter on June 16, 2023.
             Was a Believer of Okawaru.
             Slain by a gnoll
             ... wielding a +0 flail
             ... led by a gnoll sergeant
              (8 damage)
             ... on level 9 of the Dungeon.
             The game lasted 00:02:46 (7764 turns).

qw the Skirmisher (Naga Hunter)                     Turns: 7764, Time: 00:02:47

Health: 0/94       AC: 11    Str: 20    XL:     10   Next: 13%
Magic:  13/13      EV: 14    Int: 10    God:    Okawaru [**....]
Gold:   167        SH:  0    Dex: 18    Spells: 9/9 levels left

rFire   . . .        q - +1 shortbow (heavy)
rCold   . . .        (shield currently unavailable)
rNeg    . . .        i - +1 steam dragon scales
rPois   +            f - +2 helmet
rElec   .            (no cloak)
rCorr   +            (no gloves)
SInv    +            (no barding)
Will    +....        g - amulet of faith
Stlth   ++++         h - +6 ring of strength
HPRegen 0.35/turn    j - ring of resist corrosion
MPRegen 0.13/turn

%: faith
@: short of breath, heroic, very slow
A: AC +3, large, see invisible, deformed body, poison resistance, slowness 2,
spit poison 1, naga tail 1
a: Spit Poison, Renounce Religion, Heroism


You were on level 9 of the Dungeon.
You worshipped Okawaru.
Okawaru was pleased with you.
You visited 2 branches of the dungeon, and saw 10 of its levels.

You collected 628 gold pieces.
You spent 461 gold pieces at shops.


Innate Abilities, Weirdness & Mutations

Your serpentine skin is tough. (AC +3)
You have supernaturally acute eyesight. (SInv)
Armour fits poorly on your strangely shaped body.
Your system is resistant to poisons. (rPois)
You cover ground very slowly.
You can spit poison.
You have a snake-like lower body.


   Skills:
 - Level 7.0(12.0) Fighting
 + Level 10.8(15.8) Ranged Weapons
 - Level 1.5(6.5) Armour
 - Level 3.3(8.3) Dodging
 - Level 1.5(6.5) Stealth
 - Level 4.3 Invocations


You had 9 spell levels left.
You didn't know any spells.
Your spell library was empty.

Inventory:

Hand Weapons
 q - a +1 heavy shortbow (weapon)
Armour
 f - a +2 helmet (worn)
 i - +1 steam dragon scales (worn)
Jewellery
 g - an amulet of faith (around neck)
 h - a +6 ring of strength (left hand)
 j - a ring of resist corrosion (right hand)
 n - a ring of ice
Scrolls
 e - a scroll of identify
 m - a scroll of poison {unknown}
 p - a scroll of silence {unknown}
Potions
 b - 4 potions of curing
 c - 2 potions of haste
 d - a potion of berserk rage {unknown}
 k - a potion of cancellation
 l - 2 potions of magic
 o - 2 potions of enlightenment {unknown}

Dungeon Overview and Level Annotations

Branches:
Dungeon (9/15)             Temple (1/1) D:4
   Lair: D:8-11         Orc: D:9-12

Altars:
Ashenzari
Cheibriados
Dithmenos
Elyvilon
Fedhas
Gozag
Hepliaklqana
Kikubaaqudgha
Makhleb
Nemelex Xobeh
Okawaru
Qazlal
Ru
Sif Muna
Trog
Uskayaw
Vehumet
Wu Jian
Xom
Yredelemnul
Zin
The Shining One

Shops:
D:3 ?   D:7 :!

Annotations:
D:4 Pikel


Message History

The vampire mosquito bites you but does no damage.
You shoot an arrow. The arrow misses the vampire mosquito.
The vampire mosquito bites you but does no damage.
The vampire mosquito barely misses you.
The vampire mosquito closely misses you.
You shoot an arrow.
The arrow closely misses the vampire mosquito.
The vampire mosquito bites you but does no damage.
The vampire mosquito bites you!
The vampire mosquito draws strength from your injuries!
The vampire mosquito misses you. The vampire mosquito barely misses you.
You shoot an arrow.
The arrow completely misses the vampire mosquito.
The vampire mosquito bites you but does no damage. x2
The vampire mosquito barely misses you. The vampire mosquito bites you.
The vampire mosquito draws strength from your injuries!
The vampire mosquito bites you but does no damage.
You shoot an arrow.
The arrow closely misses the vampire mosquito.
Your surroundings suddenly seem different.
Enter note:
Enter note:
7762 ||| INVOKING Spit Poison.
Aiming: Spit Poison (1% risk of failure)
Press: ? - help, Shift-Dir - straight line, f - gnoll The splash of poison hits the gnoll.
The gnoll is poisoned.
The gnoll is moderately wounded.
The gnoll shouts!
The two-headed ogre shouts in stereo!
The gnoll sergeant shouts!
The gnoll shouts!
The gnoll completely misses you.
You shoot an arrow. The arrow hits the gnoll.
The gnoll is severely wounded.
The gnoll misses you. The gnoll hits you but does no damage.
The gnoll sergeant hits you from afar with a +0 spear.
You shoot an arrow. The arrow hits the gnoll!
You kill the gnoll!
Okawaru accepts your kill. The gnoll hits you with a +0 flail!
You die...

#....~###~.#
..
.#....~~~~~.#
##
.##########.##
####.....##
#..##
#..........
##..##
#...........#
##..#
#....O......#
##.#
#....g......##
#..
#..@)........#
##.
#.g~g........#
##
#............#
#.
#........).g.#
#.
##.....###.g.#
#. ...##.#
#.g.#### #.
.... .#
#...##<# #.
..... ##
#...##.# #.
####c..##.# #.


You could see a two-headed ogre, a gnoll sergeant and 2 gnolls.

Vanquished Creatures
  A troll (D:7)
  Sigmund (D:5)
  A spriggan (D:8)
  A wyvern (D:7)
  2 steam dragons
  2 vampire mosquitoes (D:9)
  4 water moccasins
  2 orc warriors (D:8)
  2 ice beasts
  A black bear (D:7)
  3 ogres
  2 centaurs
  2 kobold brigands
  Blork the orc (D:5)
  2 bullfrogs
  A scorpion (D:6)
  2 howler monkeys (D:9)
  A hound (D:3)
  A jelly (D:6)
  4 orc priests
  4 iguanas
  2 sleepcaps
  7 orc wizards
  Robin (D:4)
  2 gnolls (D:9)
  6 adders
  An ufetubus (D:4)
  2 worms (D:2)
  2 dart slugs (D:4)
  25 orcs
  5 bats
  7 endoplasms
  2 giant cockroaches
  10 hobgoblins
  4 jackals (D:3)
  A quokka (D:3)
  10 ball pythons
  6 frilled lizards
  13 goblins
  20 kobolds
  3 rats
169 creatures vanquished.

Notes
Turn   | Place    | Note
-------+----------+-------------------------------------------
     0 | D:1      | qw the Naga Hunter began the quest for the Orb.
     0 | D:1      | Reached XP level 1. HP: 19/19 MP: 1/1
     0 | D:1      | 0 ||| qw: Version: 0.2-a-29-g511e9b1
     0 | D:1      | 0 ||| qw: Game counter: 5801
     0 | D:1      | 0 ||| qw: Always use a shield: true
     0 | D:1      | 0 ||| qw: God list: Okawaru
     0 | D:1      | 0 ||| qw: Allow faded altars: false
     0 | D:1      | 0 ||| qw: Do Orc after D:15 true
     0 | D:1      | 0 ||| qw: Do second Lair branch before Depths: true
     0 | D:1      | 0 ||| qw: Lair rune preference: random
     0 | D:1      | 0 ||| qw: Plans: Normal
     0 | D:1      | 0 ||| PLANNING D:1-11
    18 | D:1      | 18 ||| INVOKING Spit Poison.
    40 | D:1      | 40 ||| INVOKING Spit Poison.
    73 | D:1      | 73 ||| INVOKING Spit Poison.
    77 | D:1      | 77 ||| INVOKING Spit Poison.
   124 | D:1      | 124 ||| INVOKING Spit Poison.
   172 | D:1      | 172 ||| INVOKING Spit Poison.
   176 | D:1      | Reached skill level 4 in Ranged Weapons
   176 | D:1      | Reached XP level 2. HP: 26/26 MP: 2/2
   184 | D:1      | 184 ||| INVOKING Spit Poison.
   246 | D:1      | 246 ||| INVOKING Spit Poison.
   266 | D:1      | 266 ||| INVOKING Spit Poison.
   277 | D:1      | 277 ||| INVOKING Spit Poison.
   347 | D:1      | 347 ||| INVOKING Spit Poison.
   354 | D:1      | 354 ||| INVOKING Spit Poison.
   357 | D:1      | 357 ||| INVOKING Spit Poison.
   637 | D:1      | 637 ||| UPGRADING to +6 ring of strength.
   638 | D:1      | 638 ||| READING 3 scrolls labelled QAUBRORGHOPN.
   639 | D:1      | 639 ||| READING 2 scrolls labelled EGROZOIXKANYD.
   640 | D:1      | 640 ||| READING scroll labelled BEYLEY PUACEKE.
   644 | D:1      | 644 ||| READING scroll labelled URCHOA BOMEEM.
   645 | D:1      | 645 ||| DROPPING 2 scrolls of vulnerability.
   646 | D:1      | 646 ||| DROPPING scroll of butterflies.
   705 | D:2      | 705 ||| INVOKING Spit Poison.
   726 | D:2      | 726 ||| INVOKING Spit Poison.
   773 | D:2      | 773 ||| INVOKING Spit Poison.
   777 | D:2      | 777 ||| INVOKING Spit Poison.
   795 | D:2      | 795 ||| INVOKING Spit Poison.
   797 | D:2      | Reached XP level 3. HP: 32/32 MP: 3/3
   812 | D:2      | 812 ||| INVOKING Spit Poison.
   911 | D:2      | 911 ||| INVOKING Spit Poison.
   954 | D:2      | 954 ||| INVOKING Spit Poison.
  1217 | D:2      | 1217 ||| INVOKING Spit Poison.
  1251 | D:2      | 1251 ||| INVOKING Spit Poison.
  1257 | D:2      | 1257 ||| INVOKING Spit Poison.
  1262 | D:2      | 1262 ||| INVOKING Spit Poison.
  1341 | D:2      | 1341 ||| UPGRADING to amulet of faith.
  1346 | D:2      | 1346 ||| READING scroll labelled JOULUM JORPHA.
  1347 | D:2      | 1347 ||| DRINKING 2 lumpy blue potions.
  1490 | D:3      | 1490 ||| INVOKING Spit Poison.
  1594 | D:3      | 1594 ||| INVOKING Spit Poison.
  1604 | D:3      | 1604 ||| INVOKING Spit Poison.
  1650 | D:3      | 1650 ||| INVOKING Spit Poison.
  1669 | D:3      | Reached skill level 5 in Ranged Weapons
  1669 | D:3      | Reached XP level 4. HP: 39/39 MP: 4/4
  1678 | D:3      | 1678 ||| INVOKING Spit Poison.
  1681 | D:3      | 1681 ||| INVOKING Spit Poison.
  1694 | D:3      | Found Utroh's Magic Scroll Shoppe.
  1703 | D:3      | 1703 ||| BUYING scroll of brand weapon (123 gold).
  1703 | D:3      | Bought a scroll of brand weapon for 123 gold pieces
  1703 | D:3      | 1703 ||| SHOPLISTING scroll of enchant armour (97 gold,
                  | have 23).
  1703 | D:3      | 1703 ||| SHOPLISTING scroll of enchant weapon (97 gold,
                  | have 23).
  1703 | D:3      | 1703 ||| SHOPLISTING scroll of teleportation (39 gold, have
                  | 23).
  1703 | D:3      | 1703 ||| READING scroll of brand weapon.
  1703 | D:3      | 1703 ||| BRANDING +0 shortbow.
  1850 | D:3      | 1850 ||| INVOKING Spit Poison.
  1856 | D:3      | 1856 ||| INVOKING Spit Poison.
  1870 | D:3      | 1870 ||| INVOKING Spit Poison.
  1876 | D:3      | 1876 ||| INVOKING Spit Poison.
  2015 | D:3      | Reached skill level 3 in Fighting
  2110 | D:3      | 2110 ||| INVOKING Spit Poison.
  2163 | D:3      | 2163 ||| UPGRADING to +0 helmet.
  2168 | D:3      | 2168 ||| READING scroll labelled ZAZEKO FI VOT.
  2169 | D:3      | 2169 ||| READING 2 scrolls of identify.
  2169 | D:3      | 2169 ||| IDENTIFYING bubbling dark potion
  2170 | D:3      | 2170 ||| DROPPING potion of attraction.
  2229 | D:4      | 2229 ||| INVOKING Spit Poison.
  2230 | D:4      | 2230 ||| INVOKING Spit Poison.
  2233 | D:4      | 2233 ||| INVOKING Spit Poison.
  2236 | D:4      | 2236 ||| INVOKING Spit Poison.
  2273 | D:4      | 2273 ||| INVOKING Spit Poison.
  2316 | D:4      | Found a staircase to the Ecumenical Temple.
  2317 | D:4      | 2317 ||| PLANNING TEMPLE
  2319 | D:4      | 2319 ||| INVOKING Spit Poison.
  2321 | D:4      | 2321 ||| Stepping ~*~*~tactically~*~*~ (outnumbered).
  2323 | D:4      | Reached XP level 5. HP: 49/49 MP: 5/5
  2323 | D:4      | 2323 ||| READING 2 scrolls labelled NAFIEPR EMIOM.
  2324 | D:4      | 2324 ||| INVOKING Spit Poison.
  2327 | D:4      | 2327 ||| INVOKING Spit Poison.
  2328 | D:4      | 2328 ||| READING 2 scrolls of identify.
  2328 | D:4      | 2328 ||| IDENTIFYING bubbling clear potion
  2331 | D:4      | 2331 ||| DROPPING scroll of noise.
  2332 | D:4      | 2332 ||| DROPPING potion of brilliance.
  2341 | D:4      | 2341 ||| INVOKING Spit Poison.
  2345 | D:4      | 2345 ||| INVOKING Spit Poison.
  2348 | Temple   | Entered the Ecumenical Temple
  2389 | Temple   | 2389 ||| PLANNING OKAWARU WORSHIP
  2673 | Temple   | Became a worshipper of Warmaster Okawaru
  2674 | Temple   | 2674 ||| PLANNING D:1-11
  2691 | D:4      | 2691 ||| INVOKING Spit Poison.
  2701 | D:4      | 2701 ||| INVOKING Spit Poison.
  2727 | D:4      | 2727 ||| INVOKING Spit Poison.
  2730 | D:4      | 2730 ||| Stepping ~*~*~tactically~*~*~ (outnumbered).
  2732 | D:4      | 2732 ||| INVOKING Spit Poison.
  2738 | D:4      | 2738 ||| INVOKING Spit Poison.
  2741 | D:4      | 2741 ||| INVOKING Spit Poison.
  2744 | D:4      | 2744 ||| INVOKING Spit Poison.
  2912 | D:4      | 2912 ||| INVOKING Spit Poison.
  2916 | D:4      | 2916 ||| INVOKING Spit Poison.
  2917 | D:4      | 2917 ||| DRINKING 3 potions of curing.
  2917 | D:4      | 2917 ||| (to cure confusion)
  2919 | D:4      | 2919 ||| INVOKING Spit Poison.
  2922 | D:4      | Reached skill level 6 in Ranged Weapons
  2934 | D:4      | 2934 ||| INVOKING Spit Poison.
  2936 | D:4      | Reached XP level 6. HP: 42/56 MP: 6/6
  3012 | D:4      | Noticed Pikel
  3014 | D:4      | 3014 ||| INVOKING Spit Poison.
  3020 | D:4      | 3020 ||| INVOKING Spit Poison.
  3020 | D:4      | HP: 13/56 [iguana (9)]
  3021 | D:4      | 3021 ||| READING 3 scrolls of teleportation.
  3021 | D:4      | HP: 5/56 [iguana (3)]
  3022 | D:4      | 3022 ||| DRINKING potion of heal wounds.
  3261 | D:4      | 3261 ||| INVOKING Spit Poison.
  3266 | D:4      | 3266 ||| INVOKING Spit Poison.
  3338 | D:4      | 3338 ||| INVOKING Spit Poison.
  3343 | D:4      | Reached * piety under Okawaru
  3344 | D:4      | 3344 ||| INVOKING Heroism.
  3345 | D:4      | 3345 ||| INVOKING Spit Poison.
  3353 | D:4      | HP: 12/57 [Pikel/+2 whip of freezing (6)]
  3354 | D:4      | 3354 ||| READING 2 scrolls of teleportation.
  3355 | D:4      | 3355 ||| INVOKING Spit Poison.
  3355 | D:4      | HP: 3/57 [Pikel/+2 whip of freezing (9)]
  3355 | D:4      | HP: 1/57 [Pikel/+2 whip of freezing (2)]
  3611 | D:4      | 3611 ||| INVOKING Spit Poison.
  3646 | D:4      | 3646 ||| INVOKING Spit Poison.
  3648 | D:4      | Noticed Robin
  3653 | D:4      | 3653 ||| INVOKING Spit Poison.
  3656 | D:4      | 3656 ||| INVOKING Spit Poison.
  3660 | D:4      | Killed Robin
  3661 | D:4      | 3661 ||| INVOKING Spit Poison.
  3726 | D:4      | 3726 ||| UPGRADING to +2 helmet.
  3736 | D:4      | 3736 ||| DROPPING +0 helmet.
  3737 | D:4      | 3737 ||| READING 2 scrolls of identify.
  3737 | D:4      | 3737 ||| IDENTIFYING murky orange potion
  3753 | D:5      | Entered Level 5 of the Dungeon
  3763 | D:5      | 3763 ||| INVOKING Spit Poison.
  3766 | D:5      | 3766 ||| INVOKING Spit Poison.
  3786 | D:5      | 3786 ||| INVOKING Spit Poison.
  3795 | D:5      | 3795 ||| INVOKING Spit Poison.
  3869 | D:5      | Noticed Sigmund
  3870 | D:5      | 3870 ||| INVOKING Heroism.
  3873 | D:5      | 3873 ||| INVOKING Spit Poison.
  3879 | D:5      | Killed Sigmund
  3880 | D:5      | Reached XP level 7. HP: 63/64 MP: 4/8
  3925 | D:5      | 3925 ||| INVOKING Spit Poison.
  3943 | D:5      | 3943 ||| INVOKING Spit Poison.
  3946 | D:5      | 3946 ||| INVOKING Spit Poison.
  4019 | D:5      | Found a white marble altar of Elyvilon.
  4232 | D:5      | Noticed Blork the orc
  4233 | D:5      | 4233 ||| INVOKING Heroism.
  4234 | D:5      | 4234 ||| INVOKING Spit Poison.
  4240 | D:5      | 4240 ||| INVOKING Spit Poison.
  4242 | D:5      | Killed Blork the orc
  4243 | D:5      | Reached skill level 3 in Invocations
  4364 | D:5      | 4364 ||| UPGRADING to ring of resist corrosion.
  4365 | D:5      | 4365 ||| READING scroll labelled YNELIYBO KEPY.
  4366 | D:5      | 4366 ||| READING scroll labelled LOANYUSOSU.
  4367 | D:5      | 4367 ||| READING 3 scrolls of identify.
  4367 | D:5      | 4367 ||| IDENTIFYING sedimented cyan potion
  4368 | D:5      | 4368 ||| READING 2 scrolls of identify.
  4368 | D:5      | 4368 ||| IDENTIFYING bubbling golden potion
  4369 | D:5      | 4369 ||| DROPPING potion of degeneration.
  4401 | D:6      | 4401 ||| INVOKING Spit Poison.
  4407 | D:6      | 4407 ||| STAIRDANCE
  4409 | D:5      | 4409 ||| INVOKING Spit Poison.
  4496 | D:6      | 4496 ||| INVOKING Spit Poison.
  4535 | D:6      | 4535 ||| INVOKING Spit Poison.
  4538 | D:6      | 4538 ||| INVOKING Spit Poison.
  4579 | D:6      | 4579 ||| INVOKING Spit Poison.
  4612 | D:6      | 4612 ||| INVOKING Spit Poison.
  4614 | D:6      | Reached ** piety under Okawaru
  4661 | D:6      | Found a broken altar of Ashenzari.
  4682 | D:6      | 4682 ||| INVOKING Heroism.
  4685 | D:6      | Reached skill level 7 in Ranged Weapons
  4685 | D:6      | Reached XP level 8. HP: 72/72 MP: 7/10
  4721 | D:6      | 4721 ||| INVOKING Heroism.
  4722 | D:6      | 4722 ||| INVOKING Spit Poison.
  4768 | D:6      | 4768 ||| INVOKING Spit Poison.
  4771 | D:6      | 4771 ||| INVOKING Spit Poison.
  4822 | D:6      | 4822 ||| INVOKING Heroism.
  4823 | D:6      | 4823 ||| INVOKING Spit Poison.
  4983 | D:6      | Reached skill level 8 in Ranged Weapons
  5219 | D:6      | 5219 ||| UPGRADING to +0 steam dragon scales.
  5229 | D:6      | 5229 ||| DROPPING +0 leather armour.
  5313 | D:7      | Reached skill level 1 in Armour
  5357 | D:7      | 5357 ||| INVOKING Heroism.
  5358 | D:7      | 5358 ||| INVOKING Spit Poison.
  5362 | D:7      | 5362 ||| INVOKING Spit Poison.
  5370 | D:7      | 5370 ||| INVOKING Spit Poison.
  5458 | D:7      | Found a flagged portal.
  5475 | D:7      | 5475 ||| INVOKING Spit Poison.
  5476 | D:7      | 5476 ||| Stepping ~*~*~tactically~*~*~ (outnumbered).
  5477 | D:7      | 5477 ||| Stepping ~*~*~tactically~*~*~ (outnumbered).
  5478 | D:7      | 5478 ||| INVOKING Spit Poison.
  5480 | D:7      | 5480 ||| Stepping ~*~*~tactically~*~*~ (outnumbered).
  5482 | D:7      | 5482 ||| INVOKING Spit Poison.
  5485 | D:7      | 5485 ||| INVOKING Heroism.
  5486 | D:7      | 5486 ||| INVOKING Spit Poison.
  5490 | D:7      | 5490 ||| INVOKING Spit Poison.
  5527 | D:7      | 5527 ||| INVOKING Spit Poison.
  5535 | D:7      | 5535 ||| INVOKING Spit Poison.
  5541 | D:7      | 5541 ||| INVOKING Heroism.
  5542 | D:7      | 5542 ||| INVOKING Spit Poison.
  5622 | D:7      | 5622 ||| INVOKING Spit Poison.
  5648 | D:7      | 5648 ||| INVOKING Heroism.
  5649 | D:7      | 5649 ||| INVOKING Spit Poison.
  5655 | D:7      | 5655 ||| INVOKING Spit Poison.
  5659 | D:7      | 5659 ||| INVOKING Spit Poison.
  5661 | D:7      | Reached XP level 9. HP: 81/81 MP: 10/12
  5686 | D:7      | Found Yfoschee's Distillery.
  5694 | D:7      | 5694 ||| BUYING potion of curing (39 gold).
  5694 | D:7      | Bought a potion of curing for 39 gold pieces
  5694 | D:7      | 5694 ||| BUYING potion of haste (130 gold).
  5694 | D:7      | Bought a potion of haste for 130 gold pieces
  5694 | D:7      | 5694 ||| BUYING potion of heal wounds (65 gold).
  5694 | D:7      | Bought a potion of heal wounds for 65 gold pieces
  5694 | D:7      | 5694 ||| BUYING potion of magic (104 gold).
  5694 | D:7      | Bought a potion of magic for 104 gold pieces
  5707 | D:7      | 5707 ||| INVOKING Spit Poison.
  5713 | D:7      | 5713 ||| INVOKING Spit Poison.
  5720 | D:7      | Found Hos Terr's Tremendous Tomes.
  5753 | D:7      | 5753 ||| INVOKING Spit Poison.
  5759 | D:7      | Reached skill level 9 in Ranged Weapons
  5969 | D:7      | 5969 ||| INVOKING Spit Poison.
  5975 | D:7      | 5975 ||| INVOKING Spit Poison.
  5977 | D:7      | 5977 ||| INVOKING Heroism.
  5981 | D:7      | Reached skill level 3 in Dodging
  6189 | D:7      | 6189 ||| INVOKING Heroism.
  6190 | D:7      | 6190 ||| INVOKING Spit Poison.
  6250 | D:7      | Noticed a troll
  6251 | D:7      | 6251 ||| INVOKING Heroism.
  6252 | D:7      | 6252 ||| INVOKING Spit Poison.
  6260 | D:7      | Killed a troll
  6261 | D:7      | Reached skill level 6 in Fighting
  6571 | D:8      | Found a blossoming altar of Fedhas.
  6580 | D:8      | 6580 ||| READING scroll of enchant armour.
  6580 | D:8      | 6580 ||| ENCHANTING +0 steam dragon scales.
  6646 | D:8      | 6646 ||| INVOKING Spit Poison.
  6649 | D:8      | 6649 ||| INVOKING Heroism.
  6651 | D:8      | 6651 ||| INVOKING Spit Poison.
  6712 | D:8      | 6712 ||| INVOKING Spit Poison.
  6716 | D:8      | 6716 ||| INVOKING Spit Poison.
  6758 | D:8      | Identified the +7 plate armour of the End {rPois Dex+2}
  6778 | D:8      | 6778 ||| INVOKING Spit Poison.
  6794 | D:8      | 6794 ||| INVOKING Heroism.
  6795 | D:8      | 6795 ||| INVOKING Spit Poison.
  6805 | D:8      | 6805 ||| INVOKING Spit Poison.
  6808 | D:8      | Reached skill level 10 in Ranged Weapons
  6836 | D:8      | 6836 ||| READING scroll of brand weapon.
  6836 | D:8      | 6836 ||| BRANDING +1 shortbow of freezing.
  6845 | D:8      | 6845 ||| INVOKING Heroism.
  6853 | D:8      | 6853 ||| INVOKING Spit Poison.
  6859 | D:8      | 6859 ||| INVOKING Spit Poison.
  6863 | D:8      | 6863 ||| INVOKING Spit Poison.
  6865 | D:8      | 6865 ||| INVOKING Heroism.
  6937 | D:8      | 6937 ||| INVOKING Spit Poison.
  6941 | D:8      | 6941 ||| INVOKING Spit Poison.
  6945 | D:8      | 6945 ||| INVOKING Spit Poison.
  6949 | D:8      | 6949 ||| INVOKING Spit Poison.
  6954 | D:8      | 6954 ||| INVOKING Spit Poison.
  7180 | D:8      | 7180 ||| INVOKING Spit Poison.
  7184 | D:8      | 7184 ||| INVOKING Spit Poison.
  7186 | D:8      | 7186 ||| INVOKING Heroism.
  7188 | D:8      | Reached XP level 10. HP: 64/94 MP: 10/13
  7292 | D:8      | 7292 ||| DROPPING +2 hat.
  7293 | D:8      | 7293 ||| DROPPING +2 hat.
  7294 | D:8      | 7294 ||| DROPPING ring of flight.
  7295 | D:8      | 7295 ||| READING scroll labelled YBREAMO EHEAM.
  7321 | D:9      | 7321 ||| INVOKING Spit Poison.
  7323 | D:9      | Noticed a two-headed ogre
  7324 | D:9      | 7324 ||| INVOKING Heroism.
  7328 | D:9      | 7328 ||| INVOKING Spit Poison.
  7329 | D:9      | 7329 ||| Stepping ~*~*~tactically~*~*~ (outnumbered).
  7332 | D:9      | 7332 ||| INVOKING Spit Poison.
  7334 | D:9      | HP: 20/94 [two-headed ogre/+0 giant club (6)]
  7335 | D:9      | 7335 ||| READING 2 scrolls of teleportation.
  7336 | D:9      | 7336 ||| DRINKING potion of heal wounds.
  7337 | D:9      | 7337 ||| INVOKING Spit Poison.
  7572 | D:9      | 7572 ||| INVOKING Spit Poison.
  7720 | D:9      | Found an ornate altar of the Wu Jian Council.
  7750 | D:9      | 7750 ||| INVOKING Heroism.
  7756 | D:9      | HP: 23/94 [vampire mosquito (7)]
  7757 | D:9      | 7757 ||| READING scroll of teleportation.
  7759 | D:9      | HP: 11/94 [vampire mosquito (9)]
  7762 | D:9      | 7762 ||| INVOKING Spit Poison.
  7764 | D:9      | Slain by a gnoll

Levels and vault maps discovered:
D:1:      grunt_arrival_lava_bath, layout_basic
D:2:      layout_basic
D:3:      layout_loops_corners, serial_shops, nicolae_shop_advertising_works
          [nicolae_subvault_shop_adworks], kennysheep_minor_cross,
          minmay_distorted
D:4:      layout_basic, minmay_temple_entry_proselytizer,
          grunt_decor_one_mirror, saegor_snake_ambush, uniq_robin, uniq_pikel
D:5:      layout_basic, amcnicky_altar_gilded, uniq_sigmund, uniq_blork_the_orc
D:6:      layout_loops_ring, ashenzari_altar_1
D:7:      layout_basic, serial_shops, shop, enter_bailey_5,
          nicolae_shop_i_like_big_books, minmay_small_thing
D:8:      layout_basic, lemuel_tele_altar, the_hattery
D:9:      layout_basic, kennysheep_mini_moat
Temple:   hc_temple_tempest_star

Skill      XL: |  1  2  3  4  5  6  7  8  9 |
---------------+----------------------------+-----
Ranged Weapons | 4 5 6 7 8 10 | 10.8
Fighting       | 3 4 5 7 |  7.0
Dodging        | 2 3 |  3.3
Invocations    | 2 3 4 |  4.3
Armour         | 1 |  1.5
Stealth        | |  1.5

Action                     |  1- 3 |  4- 6 |  7- 9 | 10-12 || total
---------------------------+-------+-------+-------+-------++-------
   Fire: Shortbow          |    58 |   120 |   247 |    30 ||   455
 Invoke: Heroism           |       |     2 |    16 |     2 ||    20
Ability: Spit Poison       |    29 |    44 |    55 |     6 ||   134
    Use: Scroll            |     5 |     8 |     6 |     3 ||    22
         Potion            |     1 |     2 |       |     1 ||     4
 Armour: Leather armour    |     2 |     7 |    10 |       ||    19
         Steam dragon scal |       |       |    43 |    22 ||    65
  Dodge: Dodged            |     4 |    30 |    69 |    62 ||   165

Table legend:
 A = Non-vault XP
 B = Vault XP
 C = Vault XP percentage of total XP
 D = Non-vault monster count
 E = Vault monster count
 F = Vault count percentage of total count
                 A         B        C        D         E       F
            +---------+---------+-------+---------+---------+-------
      Total |    4311 |     949 |  18.0 |     149 |      20 |  11.8
            +---------+---------+-------+---------+---------+-------
        D:1 |      25 |       0 |   0.0 |      17 |       0 |   0.0
        D:2 |      40 |       0 |   0.0 |      16 |       0 |   0.0
        D:3 |      74 |       2 |   2.6 |      18 |       1 |   5.3
        D:4 |     227 |      84 |  27.0 |      24 |      11 |  31.4
        D:5 |     225 |     334 |  59.7 |       6 |       2 |  25.0
        D:6 |     763 |       0 |   0.0 |      12 |       0 |   0.0
        D:7 |    1301 |     309 |  19.2 |      24 |       5 |  17.2
        D:8 |    1074 |     220 |  17.0 |      25 |       1 |   3.8
        D:9 |     582 |       0 |   0.0 |       7 |       0 |   0.0
            +---------+---------+-------+---------+---------+-------
